 Dungeon Crawl Stone Soup version 0.29-a0-322-g68df515428 (webtiles) character file.

Game seed: 11074206902047498400

8 GigaChad the Skirmisher (level 2, 0/26 HPs)
             Began as a Ghoul Monk on Apr 6, 2022.
             Slain by a dart slug (3 damage)
             ... on level 1 of the Dungeon.
             The game lasted 00:01:08 (182 turns).

GigaChad the Skirmisher (Ghoul Monk)                 Turns: 182, Time: 00:01:08

Health: 0/26       AC:  2    Str: 14    XL:     2   Next: 8%
Magic:  1/1        EV: 12    Int:  5    God:
Gold:   28         SH:  0    Dex: 11    Spells: 1/1 levels left

rFire   . . .      SeeInvis .   a - +0 falchion
rCold   + . .      Faith    .   (no shield)
rNeg    + + +      Spirit   .   b - +0 robe
rPois   ∞          Reflect  .   (no helmet)
rElec   .          Harm     .   (no cloak)
rCorr   .          Rampage  .   (no gloves)
Will    .....                   (no boots)
Stlth   ++........              (no amulet)
HPRegen 0.00/turn               (no ring)
MPRegen 0.07/turn               (no ring)

@: inhibited regen
A: claws 1, cold resistance 1, negative energy resistance 3, inhibited
regeneration, torment resistance 2, devour on kill
a: no special abilities


You were on level 1 of the Dungeon.
You visited 1 branch of the dungeon, and saw 1 of its levels.

You collected 28 gold pieces.

Inventory:

Hand Weapons
 a - a +0 falchion (weapon)
Armour
 b - a +0 robe (worn)
 f - a +0 ring mail
Scrolls
 e - a scroll of fear {unknown}
Potions
 c - a potion of ambrosia
 d - 2 potions of curing {unknown}


   Skills:
 + Level 3.5 Fighting
 + Level 2.8 Long Blades
 + Level 2.9 Dodging
 + Level 2.2 Stealth


You had one spell level left.
You didn't know any spells.
Your spell library was empty.

Dungeon Overview and Level Annotations

Branches:
Dungeon (1/15)

Altars:


Innate Abilities, Weirdness & Mutations

You are immune to poison.
You have sharp fingernails.
Your flesh is cold resistant. (rC+)
You are immune to negative energy. (rN+++)
You do not regenerate when monsters are visible.
You are immune to unholy pain and torment.
You thrive by killing the living.


Message History

You slash the bat!
You kill the bat!
You feel better.
Found a ring mail.
A kobold comes into view.
It is wielding a +1 antimagic short sword.
You see here a +0 ring mail.
f - a +0 ring mail You start removing your armour.
You continue taking off your +0 robe.
The kobold shouts!
The kobold throws a stone.
Keep disrobing? [Y]es or [N]o only, please.
Keep disrobing? [Y]es or [N]o only, please.
Keep disrobing? [Y]es or [N]o only, please.
Keep disrobing?
You stop removing your armour.
The stone closely misses you.
A goblin comes into view. It is wielding a +0 club.
The goblin closely misses you.
The kobold hits you with a +1 antimagic short sword.
You hit the kobold.
You kill the kobold!
The goblin completely misses you. The goblin hits you with a +0 club.
* * * LOW HITPOINT WARNING * * *
You have reached level 2!
The goblin hits you but does no damage.
Things that are here:
a +1 antimagic short sword; 2 stones; a kobold corpse You hit the goblin but do no damage.
The goblin hits you with a +0 club.
* * * LOW HITPOINT WARNING * * *
You hit the goblin but do no damage. The goblin hits you but does no damage.
You slash the goblin!
You kill the goblin!
A dart slug comes into view.
You see here a +0 club.
You see here a +0 club.
The dart slug closely misses you.
You hit the dart slug but do no damage. The dart slug bites you.
You die...

#.# #.# #..# #.# #.#
#..# # #.# #.# #..# ..
#.###.###..# ...
#..........# ....
#.###.###.##
.....#######.###.###.##.
........)...............
......w@)#######.######.
.##......# #.# #......#
#.# #......# #.#
#......# #.# #......#
#.# ######## #.# #.# #.#


You could see a dart slug.

Vanquished Creatures
  A ball python (D:1)
  2 goblins (D:1)
  A hobgoblin (D:1)
  A bat (D:1)
  2 kobolds (D:1)
  A rat (D:1)
8 creatures vanquished.

Notes
Turn   | Place    | Note
-------+----------+-------------------------------------------
     0 | D:1      | GigaChad the Ghoul Monk began the quest for the Orb.
     0 | D:1      | Reached XP level 1. HP: 19/19 MP: 0/0
   174 | D:1      | Reached XP level 2. HP: 5/26 MP: 1/1
   182 | D:1      | Slain by a dart slug

Illustrated notes

Levels and vault maps discovered:
D:1:      minmay_arrival_doors, layout_basic, serial_shops, shop,
          ebering_ecumenical_altar_petrified, minmay_stone_trees_medium

Action                   || total
-------------------------++-------
Melee: Falchion          ||    28
       Punch             ||     1
 Stab: Sleeping          ||     1
Armor: Robe              ||     9
Dodge: Dodged            ||    24

Table legend: (Time is in decaauts)
 A = Elapsed time spent in this place.
 B = Non-inter-level travel time spent in this place.
 C = Inter-level travel time spent in this place.
 D = Time resting spent in this place.
 E = Time spent auto-exploring this place.
 F = Levels seen in this place.
 G = Mean time per level.
                   A        B        C        D        E       F      G
               +--------+--------+--------+--------+--------+-----+--------+
         Total |    186 |    186 |      0 |      0 |      0 |   1 |  186.0 |
       Dungeon |    186 |    186 |      0 |      0 |      0 |   1 |  186.0 |
               +--------+--------+--------+--------+--------+-----+--------+

Top non-repeatable levels by time:
     D:1: 186 daAuts
